 Dungeon Crawl Stone Soup version 0.27.1-4-g1640c2035a (webtiles) character file.

Game seed: 1945058250986257413

53 jjjjhere the Ogre Mage (level 3, -1/36 HPs)
             Began as an Ogre Air Elementalist on Oct 31, 2021.
             Was a Follower of Uskayaw.
             Slain by Robin (5 damage)
             ... on level 2 of the Dungeon.
             The game lasted 00:02:17 (1461 turns).

jjjjhere the Ogre Mage (Ogre Air Elementalist)      Turns: 1461, Time: 00:02:17

Health: -1/36      AC:  3    Str: 12    XL:     3   Next: 89%
Magic:  6/7        EV:  9    Int: 17    God:    Uskayaw [*.....]
Gold:   63         SH:  0    Dex:  9    Spells: 7/8 levels left

rFire    . . .     SeeInvis .   b - +0 whip
rCold    . . .     Faith    .   (no shield)
rNeg     . . .     Spirit   .   a - +0 robe
rPois    .         Reflect  .   (helmet restricted)
rElec    .         Harm     .   (no cloak)
rCorr    .         Rampage  .   (gloves unavailable)
Will     .....                  (boots unavailable)
Stlth    +.........             (no amulet)
HPRegen  0.12/turn              (no ring)
MPRegen  0.10/turn              (no ring)

@: no status effects
A: large, unfitting armour, tough skin 1
a: Renounce Religion, Stomp


You were on level 2 of the Dungeon.
You worshipped Uskayaw.
Uskayaw was noncommittal.
You visited 1 branch of the dungeon, and saw 2 of its levels.

You collected 63 gold pieces.

Inventory:

Hand Weapons
 b - a +0 whip (weapon)
Missiles
 e - 5 javelins
Armour
 a - a +0 robe (worn)
Scrolls
 c - a scroll of identify {unknown}
Potions
 d - a potion of magic


   Skills:
 + Level 2.4 Fighting
 - Level 1.7 Dodging
 - Level 1.4 Stealth
 + Level 3.3 Spellcasting
 - Level 0.8 Conjurations
 + Level 3.2 Air Magic


You had 7 spell levels left.
You knew the following spells:

 Your Spells              Type           Power      Damage    Failure   Level
a - Shock                 Conj/Air       36%        1d5       8%          1

Your spell library contained the following spells:

 Spells                   Type           Power      Damage    Failure   Level
 Static Discharge         Conj/Air       9%         N/A       11%         2
 Swiftness                Air            13%        N/A       13%         3
 Airstrike                Air            6%         N/A       41%         4


Dungeon Overview and Level Annotations

Branches:
Dungeon (2/15)

Altars:
Uskayaw

Annotations:
D:2 Robin


Innate Abilities, Weirdness & Mutations

You are too large for most types of armour.
You have tough skin. (AC +1)


Message History

You miss the jackal.
The jackal bites you but does no damage.
Aiming: Shock (safe; 8% risk of failure)
Press: ? - help, Q - select action, (/) - cycle Shift-Dir - straight line, f - Robin
Aim: Robin, wielding a +0 mace, wearing a +0 animal skin and wearing a +0 helmet (lightly wounded, 77% to hit)
The zap hits Robin.
Robin is heavily wounded.
The zap misses the hobgoblin.
The zap hits the hobgoblin.
The hobgoblin is severely wounded.
The zap misses the goblin.
The jackal bites you.
* * * LOW HITPOINT WARNING * * *
Robin barely misses you.
The jackal bites you but does no damage.
Aiming: Shock (safe; 8% risk of failure)
Press: ? - help, Q - select action, (/) - cycle Shift-Dir - straight line, f/p - Robin
Aim: Robin, wielding a +0 mace, wearing a +0 animal skin and wearing a +0 helmet (heavily wounded, 77% to hit)
The zap misses Robin.
The zap hits the hobgoblin.
The hobgoblin is lightly wounded.
The zap hits the hobgoblin.
You kill the hobgoblin!
The zap misses the goblin.
The jackal bites you.
* * * LOW HITPOINT WARNING * * *
Robin hits you with a +0 mace.
* * * LOW HITPOINT WARNING * * *
It was a potion of magic.
Magic courses through your body. The jackal barely misses you.
Robin hits you with a +0 mace.
* * * LOW HITPOINT WARNING * * *
Aiming: Shock (safe; 8% risk of failure)
Press: ? - help, Q - select action, (/) - cycle Shift-Dir - straight line, f/p - Robin
Aim: Robin, wielding a +0 mace, wearing a +0 animal skin and wearing a +0 helmet (heavily wounded, 77% to hit)
The zap hits Robin but does no damage.
Robin is heavily wounded.
The zap misses the hobgoblin.
The zap hits the goblin.
The goblin is heavily wounded.
The jackal bites you.
* * * LOW HITPOINT WARNING * * *
Robin hits you with a +0 mace.
You die...

#+# ## #.#
.####.#
...##.##
.#.#.g.##
.g....#g##
.#.#.###.## #
##†.##
##.########.#
##.##
##..†ggg@h.#
....#
##.##########
####.###.##
#.#.## #..##
###.## ##.#.#
##....#
...#..#


You could see Robin, a jackal, a hobgoblin (strong) and a goblin (strong).

Vanquished Creatures
  An adder (D:2)
  A dart slug (D:1)
  A ball python (D:1)
  3 giant cockroaches (D:1)
  11 goblins
  4 hobgoblins
  3 jackals (D:2)
  4 kobolds (D:1)
  A quokka (D:1)
  4 bats (D:1)
  2 frilled lizards (D:1)
  2 rats (D:1)
37 creatures vanquished.

Vanquished Creatures (others)
  A withered plant (D:1)
1 creature vanquished.

Grand Total: 38 creatures vanquished

Notes
Turn   | Place    | Note
-------+----------+-------------------------------------------
     0 | D:1      | jjjjhere the Ogre Air Elementalist began the quest for the
                  | Orb.
     0 | D:1      | Reached XP level 1. HP: 16/16 MP: 3/3
   132 | D:1      | Reached skill level 1 in Fighting
   155 | D:1      | Reached XP level 2. HP: 25/27 MP: 1/5
   157 | D:1      | Found a faded altar of an unknown god.
   209 | D:1      | Became a worshipper of Uskayaw the Reveller
   209 | D:1      | Reached * piety under Uskayaw
   219 | D:1      | Reached ** piety under Uskayaw
   631 | D:1      | Reached XP level 3. HP: 15/35 MP: 1/7
  1399 | D:2      | Noticed Robin
  1437 | D:2      | HP: 11/36 [Robin (6)]
  1458 | D:2      | HP: 9/36 [jackal (3)]
  1461 | D:2      | HP: 4/36 [jackal (2)]
  1461 | D:2      | Slain by Robin

Illustrated notes

Levels and vault maps discovered:
D:1:      tarquinn_simple_flora_water_a, layout_basic, serial_corexii_hall,
          corexii_hall_statues_x, corexii_hall_statues_t,
          corexii_hall_statues_t, corexii_hall_statues_t,
          corexii_hall_statues_i, chequers_hall_statues_wall_a,
          ebering_ecumenical_altar_petrified
D:2:      layout_loops_corners, uniq_robin

Skill      XL: |  1  2  3 |
---------------+----------+-----
Fighting       | 1 2 |  2.4
Air Magic      | 3 |  3.2
Spellcasting   | 3 |  3.3
Dodging        | |  1.7
Stealth        | |  1.4
Conjurations   | |  0.8

Action                   || total
-------------------------++-------
Melee: Whip              ||    65
 Cast: Shock             ||    41
  Use: Potion            ||     1
 Stab: Sleeping          ||     1
Armor: Robe              ||    31
Dodge: Dodged            ||    34
